 Dungeon Crawl Stone Soup version 0.31-a0-232-gb1c03b2570 (webtiles) character file.

Game seed: 11233390971632515816

179846 Essalna the Stormcaller (level 17, -27/116 HPs)
             Began as a Tengu Air Elementalist on July 7, 2023.
             Was the Champion of Vehumet.
             Annihilated by a war gargoyle
             ... wielding a +0 dire flail
             ... led by a peacekeeper
              (44 damage)
             ... on level 1 of the Vaults.
             The game lasted 02:07:45 (42727 turns).

Essalna the Stormcaller (Tengu Air Elementalist)   Turns: 42727, Time: 02:07:46

Health: -27/116    AC: 13    Str:  8    XL:     17   Next: 91%
Magic:  27/41      EV: 25    Int: 25    God:    Vehumet [******]
Gold:   496        SH:  9    Dex: 16    Spells: 3/36 levels left

rFire   + . .        g - staff of air
rCold   x . .        D - +2 buckler
rNeg    . . .        U - +0 troll leather armour
rPois   +            (helmet restricted)
rElec   +            V - +4 cloak "Wuruc" {Int+3 SInv}
rCorr   .            Z - +1 pair of gloves {Stlth+}
SInv    +            (boots unavailable)
Will    +....        W - amulet of regeneration
Stlth   ++++         C - +5 ring of evasion
HPRegen 1.99/turn    X - ring of Understanding {Fire rPois MP+9 Dex-3 Stlth+}
MPRegen 0.27/turn

%: clarity
@: about to teleport, flying quickly and evasively, quick
A: beak, talons 3, nimble flight, agile 1, clarity
}: 1/15 runes: barnacled
a: Renounce Religion


You were on level 1 of the Vaults.
You worshipped Vehumet.
Vehumet was exalted by your worship.
You visited 5 branches of the dungeon, and saw 27 of its levels.
You visited 1 bazaar.
You also visited: Ice Cave.

You collected 2188 gold pieces.
You spent 1692 gold pieces at shops.

Inventory:

Hand Weapons
 d - a +1 dagger of venom
Armour
 i - a +0 robe of fire resistance
 k - the +0 leather armour of the Artists {rC+}
   (You found it on level 2 of the Dungeon)

   rC:        It protects you from cold.
 s - the +0 acid dragon scales of Blue Skies {rElec rPois rF- rCorr MP+9}
   (You bought it in a shop on level 2 of the Orcish Mines)

   rF:        It makes you vulnerable to fire.
   rElec:     It insulates you from electricity.
   rPois:     It protects you from poison.
   MP:        It affects your magic capacity (+9).
   rCorr:     It protects you from acid and corrosion.
 v - a +2 robe of willpower
 D - a +2 buckler (worn)
 N - a +0 kite shield
 U - a +0 troll leather armour (worn)
 V - the +4 cloak "Wuruc" (worn) {Int+3 SInv}
   (You found it on level 1 of the Shoals)

   Int:       It affects your intelligence (+3).
   SInv:      It lets you see invisible.
 Z - a +1 pair of gloves of stealth (worn)
Magical Staves
 a - a staff of cold
 g - a staff of air (weapon)
Jewellery
 c - a ring of protection from fire
 n - a ring of protection from fire
 C - a +5 ring of evasion (left hand)
 E - a +5 ring of evasion
 I - a ring of poison resistance
 J - a ring of magical power
 L - a ring of resist corrosion
 S - a ring of protection from fire
 W - an amulet of regeneration (around neck)
 X - the ring of Understanding (right hand) {Fire rPois MP+9 Dex-3 Stlth+}
   (You found it on level 2 of the Shoals)

   [ring of fire]

   It enhances your fire magic.
   Dex:       It affects your dexterity (-3).
   rF:        It protects you from fire.
   rC:        It makes you vulnerable to cold.
   rPois:     It protects you from poison.
   MP:        It affects your magic capacity (+9).
   Stlth:     It makes you more stealthy.
Wands
 b - a wand of iceblast (14)
 l - a wand of flame (32)
 r - a wand of charming (27)
 H - a wand of digging (12)
 O - a wand of mindburst (7)
 Y - a wand of polymorph (7)
Scrolls
 f - a scroll of fear
 p - a scroll of brand weapon
 q - a scroll of torment {unknown}
 t - 7 scrolls of enchant armour
 w - 19 scrolls of identify
 y - 2 scrolls of teleportation
 z - a scroll of poison
 K - 4 scrolls of silence
 P - 2 scrolls of enchant weapon
 Q - 2 scrolls of blinking
 R - 5 scrolls of fog
 T - 2 scrolls of amnesia
Potions
 e - 3 potions of cancellation
 h - 2 potions of invisibility
 j - 5 potions of enlightenment
 m - 6 potions of haste {unknown}
 o - a potion of resistance
 u - 7 potions of curing
 x - 6 potions of mutation
 A - 7 potions of brilliance
 B - 6 potions of heal wounds {unknown}
 F - a potion of magic
 G - 2 potions of lignification {unknown}
 M - 2 potions of might {unknown}


   Skills:
 + Level 16.8 Fighting
 - Level 10.0 Armour
 - Level 11.0 Dodging
 - Level 2.0 Stealth
 + Level 12.0 Shields
 - Level 10.0 Spellcasting
 + Level 16.4 Conjurations
 - Level 17.7 Air Magic


You had 3 spell levels left.
You knew the following spells:

 Your Spells              Type           Power      Damage    Failure   Level
a - Shock                 Conj/Air       100%       1d9       0%          1
b - Static Discharge      Conj/Air       100%       2-7/arc   0%          2
c - Swiftness             Air            100%       N/A       1%          3
d - Airstrike             Air            50%        2d(8-24)  1%          4
e - Freezing Cloud        Conj/Ice/Air   40%        6-21      1%          5
f - Conjure Ball Lightni  Conj/Air       49%        3x3d17    1%          6
g - Ozocubu's Refrigerat  Ice            6%         4d8       100%        7
h - Arcjolt               Conj/Air       49%        1d59      1%          5

Your spell library contained the following spells:

 Spells                   Type           Power      Damage    Failure   Level
 Yara's Violent Unravell  Hex/Tmut       6%         3d5       50%         5
 Cigotuvi's Dreadful Rot  Necr/Pois/Air  100%       N/A       1%          2
 Poisonous Vapours        Pois/Air       100%       N/A       1%          2
 Stone Arrow              Conj/Erth      100%       3d13      1%          3
 Vhi's Electric Charge    Tloc/Air       100%       N/A       1%          3
 Volatile Blastmotes      Fire/Tloc      36%        2d13      7%          3
 Apportation              Tloc           24%        N/A       9%          1
 Sting                    Tmut/Pois      48%        1d5       9%          1
 Call Canine Familiar     Summ           12%        N/A       26%         3
 Portal Projectile        Hex/Tloc       24%        N/A       26%         3
 Fulminant Prism          Conj/Hex       26%        3d14      1%          4
 Iskenderun's Mystic Bla  Conj/Tloc      52%        2d11      1%          4
 Iskenderun's Battlesphe  Conj           76%        2d12      1%          5
 Fireball                 Conj/Fire      34%        3d14      2%          5
 Orb of Destruction       Conj           38%        9d11      2%          7
 Maxwell's Capacitive Co  Air            50%        ∞         11%         8
 Leda's Unmaking          Conj/Erth      26%        9d5       12%         6
 Olgreb's Toxic Radiance  Pois           12%        N/A       21%         4
 Lee's Rapid Deconstruct  Erth           6%         3d6*      50%         5
 Animate Armour           Summ/Erth      24%        N/A       63%         4
 Dispel Undead            Necr           12%        3d9       63%         4
 Leda's Liquefaction      Hex/Erth       6%         N/A       63%         4
 Storm Form               Tmut/Air       35%        N/A       88%         7
 Alistair's Intoxication  Tmut/Pois      8%         N/A       93%         5
 Summon Forest            Summ/Tloc      6%         N/A       93%         5
 Eringya's Noxious Bog    Tmut/Pois      6%         4d6       95%         6
 Lehudib's Crystal Spear  Conj/Erth      26%        10d7      98%         8
 Death Channel            Necr           6%         N/A       100%        6
 Statue Form              Tmut/Erth      8%         N/A       100%        6
 Summon Hydra             Summ           6%         N/A       100%        7


Dungeon Overview and Level Annotations

Branches:
Dungeon (15/15)            Temple (0/1) D:6            Lair (5/5) D:9
 Shoals (4/4) Lair:2       Spider (0/4) Lair:3        Slime (0/5) Lair:4
    Orc (2/2) D:11            Elf (0/3) Orc:2        Vaults (1/5) D:14
 Depths (0/4) D:15          IceCv (visited)

Altars:
Cheibriados
Dithmenos
Fedhas
Qazlal
Ru
Sif Muna
Trog
Uskayaw
Vehumet
Wu Jian
Zin
The Shining One
Jiyva

Shops:
D:1 :   D:2 (   Orc:2 :([:


Innate Abilities, Weirdness & Mutations

You have a beak for a mouth.
You have claws for feet.
Your magical nature lets you fly swiftly and evasively.
You are agile. (Dex +4, Str/Int -1)
You possess an exceptional clarity of mind.


Message History

The peacekeeper bites you. The peacekeeper barely misses you.
The war gargoyle hits you with a +0 dire flail!!
You feel a surge of power!
Electricity surges outward!
The war gargoyle resists.
The war gargoyle is struck by an electric surge!
The war gargoyle is moderately damaged.
The peacekeeper is struck by an electric surge.
The peacekeeper bites you but does no damage.
The peacekeeper misses you.
The war gargoyle hits you with a +0 dire flail!
You block the peacekeeper's attack. The peacekeeper barely misses you.
You are too injured to fight recklessly!
You are too injured to fight recklessly!
You are too injured to fight recklessly!
You are too injured to fight recklessly!
You hit the peacekeeper but do no damage.
You claw the peacekeeper, but do no damage.
You peck the peacekeeper, but do no damage.
The peacekeeper is moderately damaged.
The peacekeeper closely misses you. The peacekeeper claws you.
The war gargoyle launches metal splinters at you.
The spray of metal splinters hits you! The peacekeeper bites you!
The peacekeeper claws you but does no damage.
You block the war gargoyle's attack.
Casting: Arcjolt (safe; 1% risk of failure)
Confirm with . or Enter, or press ? or * to list all spells.
You feel a surge of power!
Electricity surges outward!
The war gargoyle resists.
The war gargoyle is struck by an electric surge.
The war gargoyle is heavily damaged.
The peacekeeper is struck by an electric surge.
The peacekeeper misses you. x2; The war gargoyle completely misses you.
As you read the scroll of teleportation, it crumbles to dust.
You feel strangely unstable. The peacekeeper completely misses you.
You block the peacekeeper's attack.
The war gargoyle hits you with a +0 dire flail!!
* * * LOW HITPOINT WARNING * * *
The peacekeeper completely misses you. The peacekeeper barely misses you.
The war gargoyle hits you with a +0 dire flail!!!
You die...

#.....# ####'#.. #.....#
#.'.##' #.....# ##'##.'.
#.....# #...###' #.....#
#...+.'. #.....#
#...###.
#+#####.....#########'
#...9.#...............
#...9@'.............[.
........'..............)
.....##.#.............).
#... #..+...............
#.. ..#.###+#+##########
.. ...#.# #... . .## #.#
#... ..# ###' #)..


You could see a war gargoyle (strong, catching breath) and a peacekeeper.

Vanquished Creatures
  Mara (Shoals:3)
  Nikola (Shoals:3)
  A titan (Shoals:4)
  Rupert (Lair:2)
  A kraken (Shoals:2)
  The ghost of Repneat the Warrior, an adept DsGl of Hepliaklqana (Shoals:1)
  A vault warden (Vaults:1)
  3 orc warlords
  2 quicksilver oozes (IceCv)
  2 ironbound preservers (Vaults:1)
  2 ironbound thunderhulks (Vaults:1)
  5 dire elephants
  7 merfolk impalers
  3 merfolk javelineers
  A fire dragon (D:14)
  A yaktaur captain (Vaults:1)
  2 ironbound frosthearts (Vaults:1)
  Harold (D:10)
  7 hydras
  5 two-headed ogres
  The ghost of Dotran the Convoker, a journeyman TeSu of Gozag (Shoals:1)
  Erica (D:8)
  A centaur warrior (Shoals:3)
  5 merfolk aquamancers (Shoals:4)
  2 boulder beetles
  4 merfolk avatars
  4 satyrs
  3 death yaks
  Urug (D:12)
  5 orc high priests
  4 skysharks
  5 skeletal warriors (D:15)
  An iron troll (D:14)
  8 deep trolls (Vaults:1)
  13 sea snakes
  3 wizards
  5 lindwurms (Vaults:1)
  9 harpies
  An ironbound convoker (Vaults:1)
  2 orc knights (Orc:2)
  3 ugly things
  3 deep elf pyromancers
  A necromancer (D:15)
  2 orc sorcerers
  4 cyclopes
  13 fauns
  11 manticores
  8 merfolk sirens
  2 vault sentinels (Vaults:1)
  Maurice (Orc:1)
  9 elephants
  A torpor snail (Lair:3)
  A centaur zombie (D:15)
  2 naga magi (D:15)
  10 cane toads
  4 water nymphs
  6 black mambas
  3 gargoyles
  A cane toad (shapeshifter) (D:14)
  12 komodo dragons
  4 kobold demonologists (D:12)
  An unseen horror (shapeshifter) (D:15)
  3 centaur skeletons (D:15)
  5 yaktaurs (Vaults:1)
  9 rime drakes
  10 trolls
  26 merfolk
  3 hornets (Lair:5)
  4 polar bears
  18 wind drakes
  5 dream sheep (Lair:4)
  9 blink frogs
  9 snapping turtles
  A centaur simulacrum (D:15)
  27 slime creatures
  34 yaks
  18 water elementals
  4 air elementals (Shoals:4)
  5 wyverns
  A shadow (D:11)
  A vampire (D:11)
  2 wraiths
  3 basilisks
  2 steam dragons
  22 vampire mosquitoes
  5 acid dragons
  3 wargs (Orc:2)
  Edmund (D:6)
  20 water moccasins
  42 orc warriors
  8 black bears
  An ice beast (D:5)
  2 sky beasts
  12 boggarts
  5 ogres
  3 great orb of eyes simulacra (IceCv)
  4 centaurs
  19 wolves
  2 slime creature simulacra (IceCv)
  2 kobold brigands (D:8)
  13 bullfrogs
  2 gnoll sergeants
  A glowing shapeshifter simulacrum (IceCv)
  12 scorpions
  3 wights (D:7)
  14 killer bees
  An electric eel (Lair:3)
  A lava snake (D:11)
  A jelly (D:6)
  5 hounds
  24 orc priests
  4 gnoll boudas
  2 sleepcaps
  Jessica (D:2)
  3 iguanas
  24 orc wizards
  2 shapeshifter simulacra (IceCv)
  7 adders
  28 gnolls
  A shadow imp (D:7)
  A white imp (D:7)
  3 worms
  7 dart slugs
  75 orcs
  7 ball pythons
  9 endoplasms
  5 giant cockroaches
  7 goblins
  5 hobgoblins
  21 kobolds
  4 quokkas
  8 bats
  A frilled lizard (D:1)
  5 rats
  3 tentacles (Shoals:2)
888 creatures vanquished.

Vanquished Creatures (collateral kills)
  7 ball lightnings
7 creatures vanquished.

Vanquished Creatures (others)
  A basilisk (Lair:5)
  148 ball lightnings
  5 tentacles (Shoals:2)
154 creatures vanquished.

Grand Total: 1049 creatures vanquished

Notes
Turn   | Place    | Note
-------+----------+-------------------------------------------
     0 | D:1      | Essalna the Tengu Air Elementalist began the quest for the
                  | Orb.
     0 | D:1      | Reached XP level 1. HP: 10/10 MP: 4/4
   204 | D:1      | Reached XP level 2. HP: 16/16 MP: 3/6
   253 | D:1      | Found a faded altar of an unknown god.
   390 | D:1      | Reached skill level 1 in Fighting
   606 | D:1      | Found Doyklugg's Book Shop.
   674 | D:1      | Reached XP level 3. HP: 20/20 MP: 1/7
  1157 | D:2      | Found Sitabih's Weapon Boutique.
  1234 | D:2      | Learned a level 2 spell: Static Discharge
  1238 | D:2      | Learned a level 3 spell: Swiftness
  1335 | D:2      | You fall into a shaft and drop 2 floors!
  1504 | D:4      | Noticed a scorpion
  1511 | D:4      | Killed a scorpion
  1512 | D:4      | Reached skill level 5 in Air Magic
  1512 | D:4      | Reached XP level 4. HP: 26/26 MP: 0/8
  1608 | D:4      | Noticed a black bear
  1614 | D:4      | Killed a black bear
  1615 | D:4      | Gained mutation: Your magical nature lets you fly swiftly
                  | and evasively. [Tengu growth]
  1615 | D:4      | Reached XP level 5. HP: 32/32 MP: 2/9
  1801 | D:4      | Found a glowing silver altar of Zin.
  1801 | D:4      | Noticed a black bear
  1813 | D:4      | Killed a black bear
  1814 | D:4      | Reached skill level 6 in Air Magic
  1814 | D:4      | Reached XP level 6. HP: 21/37 MP: 2/10
  2431 | D:2      | Identified the +0 leather armour of the Artists {rC+}
  2663 | D:2      | Reached skill level 5 in Conjurations
  2699 | D:2      | Noticed Jessica
  2702 | D:2      | Killed Jessica
  3057 | D:3      | Reached XP level 7. HP: 38/42 MP: 8/11
  3327 | D:3      | Found a bloodstained altar of Trog.
  3714 | D:3      | Found a glowing golden altar of the Shining One.
  3814 | D:4      | Reached skill level 1 in Armour
  4584 | D:5      | Entered Level 5 of the Dungeon
  4897 | D:5      | Noticed a +0 short sword
  4897 | D:5      | Noticed a +0 falchion
  4897 | D:5      | Noticed a +0 short sword
  4898 | D:5      | Noticed a +0 dagger
  4899 | D:5      | Noticed a +0 spear
  4900 | D:5      | Noticed a +0 dagger
  4902 | D:5      | Noticed a +0 spear
  4904 | D:5      | Noticed a +0 falchion
  5022 | D:5      | Reached skill level 7 in Air Magic
  5187 | D:5      | Found a hide-covered altar of Uskayaw.
  5302 | D:5      | Reached XP level 8. HP: 45/48 MP: 2/12
  5923 | D:5      | Found a radiant altar of Vehumet.
  6001 | D:5      | Became a worshipper of Vehumet
  6085 | D:5      | Found a blossoming altar of Fedhas.
  6369 | D:6      | Reached skill level 8 in Air Magic
  6454 | D:6      | Found a staircase to the Ecumenical Temple.
  6459 | D:6      | Reached skill level 5 in Fighting
  6706 | D:6      | Reached XP level 9. HP: 52/54 MP: 6/13
  6707 | D:6      | Noticed Edmund
  7088 | D:6      | Found a snail-covered altar of Cheibriados.
  7319 | D:6      | Reached skill level 5 in Dodging
  7319 | D:6      | Killed Edmund
  7995 | D:7      | Reached * piety under Vehumet
  7995 | D:7      | Offered knowledge of Freeze by Vehumet.
  8009 | D:7      | Reached skill level 9 in Air Magic
  8872 | D:9      | Noticed a troll
  8884 | D:9      | Killed a troll
  8980 | D:9      | Noticed a troll
  8986 | D:9      | Reached skill level 10 in Air Magic
  8987 | D:9      | Reached XP level 10. HP: 53/61 MP: 0/14
  8998 | D:10     | Entered Level 10 of the Dungeon
  9093 | D:9      | Reached ** piety under Vehumet
  9093 | D:9      | HP: 2/63 [poisoned by a killer bee]
  9237 | D:9      | Noticed a two-headed ogre
  9258 | D:8      | Offered knowledge of Magic Dart by Vehumet.
  9631 | D:8      | Reached skill level 10 in Conjurations
  9744 | D:8      | Noticed Erica
  9755 | D:8      | Killed Erica
  9756 | D:8      | Reached skill level 11 in Air Magic
 10393 | D:9      | Killed a two-headed ogre
 10394 | D:9      | Reached skill level 1 in Shields
 10800 | D:9      | Found a shadowy altar of Dithmenos.
 10938 | D:9      | Found a staircase to the Lair.
 10942 | D:9      | Offered knowledge of Poisonous Vapours by Vehumet.
 10943 | D:9      | Reached XP level 11. HP: 69/69 MP: 10/17
 11102 | D:9      | Found an ornate altar of the Wu Jian Council.
 11109 | D:9      | Reached *** piety under Vehumet
 11403 | D:9      | Found a shimmering blue altar of Sif Muna.
 11662 | D:10     | Reached skill level 12 in Air Magic
 11894 | D:10     | Noticed Harold
 11979 | D:11     | Noticed a two-headed ogre
 12416 | D:10     | Noticed a two-headed ogre
 12438 | D:10     | Killed a two-headed ogre
 12439 | D:10     | Reached skill level 5 in Spellcasting
 12800 | Lair:1   | Entered Level 1 of the Lair of Beasts
 12945 | Lair:1   | Reached skill level 13 in Air Magic
 12945 | Lair:1   | Found a frozen archway.
 12960 | Lair:1   | Offered knowledge of Mephitic Cloud by Vehumet.
 12970 | IceCv    | Entered an ice cave
 13041 | IceCv    | Noticed a quicksilver ooze
 13048 | IceCv    | Killed a quicksilver ooze
 13249 | IceCv    | Reached skill level 10 in Fighting
 13394 | IceCv    | Reached XP level 12. HP: 64/77 MP: 17/22
 13701 | IceCv    | Noticed a quicksilver ooze
 13708 | IceCv    | Killed a quicksilver ooze
 13813 | IceCv    | Reached **** piety under Vehumet
 13822 | IceCv    | Noticed a quicksilver ooze
 14037 | IceCv    | Learned a level 4 spell: Airstrike
 14122 | Lair:1   | Reached skill level 14 in Air Magic
 14124 | Lair:1   | Offered knowledge of Iskenderun's Mystic Blast by Vehumet.
 14245 | Lair:1   | Noticed a boulder beetle
 14255 | Lair:1   | Killed a boulder beetle
 15633 | Lair:2   | Reached skill level 15 in Air Magic
 16150 | Lair:2   | Found a staircase to the Shoals.
 16393 | Lair:3   | Noticed a six-headed hydra
 16479 | Lair:3   | Reached XP level 13. HP: 63/84 MP: 19/26
 16541 | Lair:3   | Noticed Rupert
 16575 | Lair:4   | Found a staircase to the Slime Pits.
 16576 | Lair:4   | Found a viscous altar of Jiyva.
 17763 | Lair:3   | Found a hole to the Spider Nest.
 17785 | Lair:3   | Reached skill level 16 in Air Magic
 18816 | Lair:2   | Paralysed by Rupert for 2 turns
 18828 | Lair:2   | Killed Rupert
 19230 | Lair:4   | Reached ***** piety under Vehumet
 19230 | Lair:4   | Offered knowledge of Spellforged Servitor by Vehumet.
 19652 | Lair:5   | Entered Level 5 of the Lair of Beasts
 20085 | Lair:5   | Reached skill level 10 in Spellcasting
 20269 | Lair:5   | Reached skill level 17 in Air Magic
 20305 | Lair:5   | Reached XP level 14. HP: 94/94 MP: 16/29
 20931 | Lair:5   | Reached skill level 5 in Armour
 21258 | Lair:4   | Reached skill level 5 in Shields
 23396 | Lair:5   | Noticed a dire elephant
 23403 | Lair:5   | Killed a dire elephant
 23657 | D:10     | Killed Harold
 23958 | D:11     | Found a staircase to the Orcish Mines.
 24278 | D:11     | Offered knowledge of Freezing Cloud by Vehumet.
 24287 | D:11     | Learned a level 5 spell: Freezing Cloud
 24779 | Orc:1    | Entered Level 1 of the Orcish Mines
 24784 | Orc:1    | Noticed an orc warlord
 24825 | D:12     | Noticed Urug
 25097 | D:12     | Killed Urug
 25411 | D:12     | Learned a level 6 spell: Conjure Ball Lightning
 25607 | D:12     | Reached XP level 15. HP: 96/100 MP: 30/30
 26047 | D:13     | Found a blossoming altar of Fedhas.
 27580 | D:14     | Found a gate to the Vaults.
 27795 | D:15     | Entered Level 15 of the Dungeon
 28297 | D:15     | Offered knowledge of Starburst by Vehumet.
 29111 | D:15     | Found a staircase to the Depths.
 29558 | Orc:1    | Killed an orc warlord
 29799 | Orc:1    | Noticed Maurice
 29802 | Orc:1    | Killed Maurice
 30232 | Orc:2    | Entered Level 2 of the Orcish Mines
 30808 | Orc:2    | Found a staircase to the Elven Halls.
 31005 | Orc:2    | Noticed an orc warlord
 31029 | Orc:2    | Killed an orc warlord
 31066 | Orc:2    | Offered knowledge of Ozocubu's Refrigeration by Vehumet.
 31075 | Orc:2    | Learned a level 7 spell: Ozocubu's Refrigeration
 31597 | Orc:2    | Reached skill level 10 in Dodging
 31636 | Orc:2    | Noticed an orc warlord
 31650 | Orc:2    | Killed an orc warlord
 31651 | Orc:2    | Reached XP level 16. HP: 41/107 MP: 6/31
 31967 | Orc:2    | Found Xolat's Book Boutique.
 32256 | Orc:2    | Found Omum's Book Boutique.
 32264 | Orc:2    | Bought Maxwell's Memoranda for 418 gold pieces
 32273 | Orc:2    | Learned a level 5 spell: Arcjolt
 32322 | Orc:2    | Found Ramib's Antique Armour Shoppe.
 32398 | Orc:2    | Found Zalod's Antique Weapon Emporium.
 32409 | Orc:2    | Bought brightly glowing acid dragon scales for 1170 gold
                  | pieces
 32409 | Orc:2    | Identified the +0 acid dragon scales of Blue Skies {rElec
                  | rPois rF- rCorr MP+9} (You bought it in a shop on level 2
                  | of the Orcish Mines)
 33010 | Shoals:1 | Entered Level 1 of the Shoals
 33010 | Shoals:1 | Found a sacrificial altar of Ru.
 33457 | Shoals:1 | Identified the +0 robe of Warric {Harm}
 33867 | Shoals:1 | Found a gateway to a bazaar.
 33898 | Bazaar   | Entered a bazaar
 33919 | Bazaar   | Found Buosuk's Armour Emporium.
 33935 | Bazaar   | Found Rinariac's General Store.
 33935 | Bazaar   | Found Lizxem's Distillery.
 33957 | Bazaar   | Found Nuseru Tieh's Assorted Antiques.
 33999 | Bazaar   | Bought a potion of mutation for 104 gold pieces
 34003 | Bazaar   | Gained mutation: Your spells are a little easier to cast,
                  | but a little less powerful. [potion of mutation]
 34003 | Bazaar   | Gained mutation: Armour fits poorly on your strangely
                  | shaped body. [potion of mutation]
 34003 | Bazaar   | Gained mutation: You are agile. (Dex +4, Str/Int -1)
                  | [potion of mutation]
 34004 | Bazaar   | Lost mutation: Armour fits poorly on your strangely shaped
                  | body. [potion of mutation]
 34004 | Bazaar   | Lost mutation: Your spells are a little easier to cast, but
                  | a little less powerful. [potion of mutation]
 34004 | Bazaar   | Gained mutation: Your spells are a little easier to cast,
                  | but a little less powerful. [potion of mutation]
 34004 | Bazaar   | Gained mutation: You expend magic power (3 MP) to
                  | strengthen your wands. [potion of mutation]
 34004 | Bazaar   | Gained mutation: You possess an exceptional clarity of
                  | mind. [potion of mutation]
 34005 | Bazaar   | Lost mutation: You expend magic power (3 MP) to strengthen
                  | your wands. [potion of mutation]
 34005 | Bazaar   | Lost mutation: Your spells are a little easier to cast, but
                  | a little less powerful. [potion of mutation]
 34005 | Bazaar   | Gained mutation: You expend magic power (3 MP) to
                  | strengthen your wands. [potion of mutation]
 34005 | Bazaar   | Lost mutation: You expend magic power (3 MP) to strengthen
                  | your wands. [potion of mutation]
 34111 | Shoals:1 | Found a runed translucent gate.
 34111 | Shoals:1 | Found a runed translucent gate.
 34111 | Shoals:1 | Found a runed translucent gate.
 34112 | Shoals:1 | Noticed Repneat's ghost (adept DsGl)
 34113 | Shoals:1 | Noticed Dotran's ghost (journeyman TeSu)
 34153 | Shoals:1 | Killed Dotran's ghost
 34164 | Shoals:1 | Killed Repneat's ghost
 34202 | Shoals:1 | Identified the +4 cloak "Wuruc" {Int+3 SInv}
 34387 | Shoals:1 | Reached skill level 15 in Fighting
 34436 | Shoals:1 | Offered knowledge of Plasma Beam by Vehumet.
 35336 | Shoals:2 | Noticed a kraken
 35341 | Shoals:2 | Killed a kraken
 35565 | Shoals:2 | Identified the ring of Understanding {Fire rPois MP+9 Dex-3
                  | Stlth+}
 36226 | Shoals:3 | Reached skill level 10 in Armour
 36421 | Shoals:3 | Noticed Nikola
 36839 | Shoals:3 | Noticed Mara
 36849 | Shoals:3 | Noticed Essalna's illusion
 37258 | Shoals:3 | Killed Nikola
 37558 | Shoals:3 | Killed Mara
 37559 | Shoals:3 | Reached skill level 10 in Shields
 37907 | Shoals:4 | Entered Level 4 of the Shoals
 38487 | Shoals:4 | Reached XP level 17. HP: 114/114 MP: 24/32
 39596 | Shoals:4 | Reached skill level 15 in Conjurations
 40310 | Shoals:4 | Noticed a titan
 40312 | Shoals:4 | Paralysed by an air elemental for 1 turns
 40324 | Shoals:4 | Paralysed by an air elemental for 1 turns
 40363 | Shoals:4 | Reached ****** piety under Vehumet
 40738 | Shoals:4 | Killed a titan
 40805 | Shoals:4 | Got a barnacled rune of Zot
 41285 | Shoals:4 | Found a stormy altar of Qazlal.
 41747 | Vaults:1 | Entered Level 1 of the Vaults
 41760 | Vaults:1 | Offered knowledge of Yara's Violent Unravelling by Vehumet.
 42727 | Vaults:1 | Annihilated by a war gargoyle

Illustrated notes

Levels and vault maps discovered:
D:1:      sevenhm_arrival_forest_fort_large_2, layout_rooms, serial_shops, shop,
          shapermc_ecumenical_altar_venn, minmay_bisected
D:2:      layout_basic, serial_shops, shop, uniq_jessica
D:3:      layout_loops_corners, lemuel_coloured_pillars_altar,
          old_standard_altar, serial_aquarium, aquarium_bridge_long_joined
          [aquarium_subvault_bridge, aquarium_subvault_balcony,
          aquarium_subvault_window, aquarium_subvault_balcony,
          aquarium_subvault_wall, aquarium_subvault_bridge], aquarium_window_3,
          aquarium_window_2, aquarium_window_1, aquarium_window_2,
          aquarium_view_4
D:4:      layout_basic, mainiacjoe_overflow_tiny_flanked
D:5:      layout_basic, nicolae_uskayaw_en_pointe, mainiacjoe_overflow_two_lobes
D:6:      layout_basic, kennysheep_slug_shrine,
          minmay_temple_entry_statues_pillars, hangedman_decor_riveting,
          feat_on_display, uniq_edmund
D:7:      layout_basic, grunt_ministairs_12
D:8:      layout_cave_pools, hangedman_decor_opposing, minivault_19,
          hangedman_decor_growths, uniq_erica
D:9:      layout_layer_cave, kennysheep_little_box,
          nicolae_wu_jian_wuxing_cycle, nicolae_dithmenos_shadow_blocks,
          grunt_lair_entry_orc_guard_hut
D:10:     layout_basic, uniq_harold
D:11:     layout_loops_ring, david_orc_3, kennysheep_decorative_pillar
D:12:     layout_cave_pools, grunt_ministairs_11, st_stairs_2, uniq_urug
D:13:     layout_rooms, fedhas_bush_and_centaur_altar
D:14:     layout_big_octagon, david_vaults_4,
          hangedman_abyss_or_decor_lesser_grid
D:15:     grunt_enter_depths_magical_seal, layout_cave_pools,
          grunt_decor_mini_mirrors
Lair:1:   layout_roguey, portal_ice_cave_entry_pillars_1, nzn_sisyphean_effort
Lair:2:   layout_chaotic_city, elwin_shoals_entry_rooms,
          infiniplex_staircase_pool_2
Lair:3:   layout_cave_pods, nicolae_spider_entry_non_spiders,
          kilobyte_rumbling_trees, serial_bayou_shore_a, grunt_megastairs_2,
          uniq_rupert
Lair:4:   layout_regular_city, slime_entry_1
Lair:5:   gammafunk_lair_ancient_temple, layout_gridlike, st_stairs_7,
          hangedman_lair_unloving_vines, lemuel_fruit_fields
Shoals:1: layout_shoals, gammafunk_ghost_cemetery, serial_shops,
          bzr_entry_islet, lemuel_altar_in_water
Shoals:2: layout_shoals, nicolae_shoals_lost_giant_amphitheater
Shoals:3: layout_shoals, uniq_mara, uniq_nikola
Shoals:4: shoals_end_hellmonk_storm_palace [storm_palace_center_ruins,
          storm_palace_corner_narrow, storm_palace_corner_blocked,
          storm_palace_corner_grid, storm_palace_corner_altar], serial_shops
Orc:1:    layout_diamond_mine, uniq_maurice
Orc:2:    grunt_orc_community_town_hall, layout_caves,
          grunt_orc_community_big_house_1, grunt_orc_community_big_house_1,
          grunt_orc_community_house_1, grunt_orc_community_house_3,
          grunt_orc_community_house_2, grunt_orc_community_house_1,
          grunt_orc_community_house_2, grunt_orc_community_house_2
Vaults:1: nicolae_vaults_little_squares_6, v_misc_23, v_pattern_1,
          nicolae_vaults_windows_and_doors_thing, nicolae_vaults_angled_halls,
          ontoclasm_vaults_ligature, v_misc_11, vaults_room_door_ring,
          nicolae_vaults_surprise_closet, v_misc_9, nicolae_vaults_what_the_h,
          nicolae_vaults_security_offices_4, layout_vaults_ring, uniq_saint_roka

Skill      XL: |  1  2  3  4  5  6  7  8  9 10 11 12 13 14 15 16 17 |
---------------+----------------------------------------------------+-----
Conjurations   | 2 3 4 5 6 7 9 10 12 14 16 | 16.4
Fighting       | 1 2 3 4 5 6 8 10 11 13 14 15 16 | 16.8
Air Magic      | 5 6 7 8 10 11 13 15 17 | 17.7
Armour         | 2 4 7 9 10 | 10.0
Dodging        | 3 4 6 8 10 11 | 11.0
Spellcasting   | 3 6 8 10 | 10.0
Shields        | 2 4 6 8 10 12 | 12.0
Stealth        | |  2.0

Action                     |  1- 3 |  4- 6 |  7- 9 | 10-12 | 13-15 | 16-18 || total
---------------------------+-------+-------+-------+-------+-------+-------++-------
  Melee: Dagger            |     4 |       |     7 |    38 |    16 |       ||    65
         Peck              |     2 |       |       |    18 |    19 |     4 ||    43
         Kick              |     1 |       |     3 |    32 |    18 |    11 ||    65
         Staff             |     1 |     2 |     3 |    38 |    35 |    28 ||   107
         War axe           |       |       |       |     6 |     2 |       ||     8
   Cast: Shock             |    74 |    57 |   223 |   319 |   270 |    29 ||   972
         Static Discharge  |     1 |     8 |    58 |   214 |   293 |     9 ||   583
         Airstrike         |       |       |       |     1 |   390 |   361 ||   752
         Conjure Ball Ligh |       |       |       |       |    31 |    38 ||    69
         Freezing Cloud    |       |       |       |       |    21 |    14 ||    35
         Swiftness         |       |       |       |       |     1 |     1 ||     2
         Arcjolt           |       |       |       |       |       |    83 ||    83
  Evoke: Wand              |       |       |       |    22 |    14 |       ||    36
    Use: Scroll            |     5 |     2 |     6 |     2 |     6 |     5 ||    26
         Potion            |       |     2 |     2 |     2 |     1 |     6 ||    13
   Stab: Distracted        |       |       |       |       |       |     1 ||     1
 Armour: Robe              |     3 |     5 |       |       |       |       ||     8
         Leather armour    |       |       |     8 |       |       |       ||     8
         Troll leather arm |       |       |     1 |    21 |    39 |    23 ||    84
  Dodge: Dodged            |     8 |    19 |    67 |   304 |   336 |   179 ||   913
  Block: Buckler           |       |       |       |    77 |   118 |    70 ||   265

Table legend: (Time is in decaauts)
 A = Elapsed time spent in this place.
 B = Non-inter-level travel time spent in this place.
 C = Inter-level travel time spent in this place.
 D = Time resting spent in this place.
 E = Time spent auto-exploring this place.
 F = Levels seen in this place.
 G = Mean time per level.
                   A        B        C        D        E       F      G
               +--------+--------+--------+--------+--------+-----+--------+
         Total |  40926 |  38826 |   2100 |   2977 |  29578 |  29 | 1411.2 |
       Dungeon |  18191 |  17023 |   1168 |   1333 |  13526 |  15 | 1212.7 |
          Lair |   9487 |   8984 |    503 |   1143 |   6372 |   5 | 1897.4 |
        Shoals |   7942 |   7709 |    233 |    465 |   6009 |   4 | 1985.5 |
  Orcish Mines |   3245 |   3051 |    194 |     36 |   2269 |   2 | 1622.5 |
        Vaults |    850 |    850 |      0 |      0 |    707 |   1 |  850.0 |
        Bazaar |    122 |    122 |      0 |      0 |     62 |   1 |  122.0 |
      Ice Cave |   1087 |   1087 |      0 |      0 |    630 |   1 | 1087.0 |
               +--------+--------+--------+--------+--------+-----+--------+

Top non-repeatable levels by time:
Shoals:4: 3377 daAuts
   Orc:2: 2278 daAuts
  Lair:4: 2255 daAuts
  Lair:5: 2229 daAuts
  Lair:3: 2181 daAuts
Shoals:2: 1906 daAuts
  Lair:2: 1877 daAuts
     D:5: 1827 daAuts
     D:9: 1669 daAuts
    D:10: 1456 daAuts
    D:14: 1430 daAuts
    D:15: 1407 daAuts
Shoals:3: 1401 daAuts
     D:4: 1338 daAuts
     D:7: 1291 daAuts
